 Dungeon Crawl Stone Soup version 0.27-a0-1196-g3e9cee4cb2 (webtiles) character file.

Game seed: 9566894011713897210

1316 Kinoniko the Basher (level 8, 70/70 HPs)
             Began as a Red Draconian Berserker on May 27, 2021.
             Was an Elder of Trog.
             Quit the game on level 7 of the Dungeon.
             The game lasted 00:07:22 (5257 turns).

Kinoniko the Basher (Red Draconian Berserker)       Turns: 5257, Time: 00:07:22

Health: 70/70      AC:  9    Str: 21    XL:     8   Next: 33%
Magic:  8/8        EV: 12    Int:  9    God:    Trog [****..]
Gold:   269        SH:  4    Dex: 10    Spells: 7/7 levels left

rFire    + . .     SeeInvis .   d - +1 flail (protect)
rCold    . . .     Faith    .   e - +0 buckler
rNeg     . . .     Spirit   .   (armour unavailable)
rPois    .         Reflect  .   (helmet restricted)
rElec    .         Harm     .   s - +1 cloak
rCorr    .         Rampage  .   g - +0 pair of gloves
Will     .....                  (no boots)
Stlth    +.........             p - amulet of regeneration
HPRegen  1.21/turn              (no ring)
MPRegen  0.11/turn              (no ring)

@: studying Fighting
A: breathe fire, AC +6, unfitting armour, fire resistance 1, cold-blooded
a: Breathe Fire, Renounce Religion, Berserk, Trog's Hand, Brothers in Arms


You were on level 7 of the Dungeon.
You worshipped Trog.
Trog was greatly pleased with you.
You visited 1 branch of the dungeon, and saw 7 of its levels.

You collected 269 gold pieces.

Inventory:

Hand Weapons
 a - a +0 hand axe
 d - a +1 flail of protection (weapon)
Missiles
 j - 6 atropa-tipped darts
Armour
 e - a +0 buckler (worn)
 g - a +0 pair of gloves (worn)
 s - a +1 cloak (worn)
Jewellery
 p - an amulet of regeneration (around neck)
Wands
 h - a wand of polymorph (10)
 k - a wand of flame (18)
Scrolls
 b - 4 scrolls of teleportation
 c - 2 scrolls of magic mapping
 l - a scroll of fear
 n - 2 scrolls of fog
 o - 2 scrolls of noise
 t - 2 scrolls of vulnerability {unknown}
 u - a scroll of amnesia {unknown}
 v - a scroll of identify
Potions
 f - 2 potions of heal wounds {unknown}
 i - a potion of haste {unknown}
 m - 3 potions of curing {unknown}
 q - a potion of degeneration {unknown}
 r - 3 potions of attraction {unknown}


   Skills:
 + Level 5.7 Fighting
 - Level 3.0(6.5) Axes
 * Level 9.1(9.4) Maces & Flails
 - Level 2.6 Dodging
 + Level 2.7 Shields


You had 7 spell levels left.
You didn't know any spells.
Your spell library contained the following spells:

 Spells                   Type           Power      Damage    Failure   Level
 Sandblast                Erth           0%         2d4       43%         1
 Passwall                 Tmut/Erth      0%         N/A       56%         2
 Stone Arrow              Conj/Erth      0%         3d7       80%         3
 Petrify                  Tmut/Erth      0%         N/A       99%         4
 Lee's Rapid Deconstruct  Erth           0%         3d5*      100%        5


Dungeon Overview and Level Annotations

Branches:
Dungeon (7/15)             Temple (0/1) D:6

Altars:
Vehumet
Wu Jian

Annotations:
D:6 1 runed translucent door, Froggeryz's ghost, novice DrGl


Innate Abilities, Weirdness & Mutations

You can breathe blasts of fire.
Your fiery red scales are hard. (AC +6)
You cannot fit into any form of body armour.
Your flesh is heat resistant. (rF+)
You are cold-blooded and may be slowed by cold attacks.


Message History

Unknown command.
A red film seems to cover your vision as you go berserk!
You feel yourself moving faster!
You feel mighty!
The necrophage hits you but does no damage.
You barely miss the necrophage. You tail-slap the necrophage.
The necrophage is moderately damaged.
You barely miss the necrophage. You tail-slap the necrophage.
The necrophage is moderately damaged.
The necrophage barely misses you.
You hit the necrophage.
Your tail-slap misses the necrophage.
The necrophage is heavily damaged.
The necrophage hits you but does no damage.
You sock the necrophage!
You destroy the necrophage!
Trog accepts your kill.
No target in view!
No target in view!
No target in view!
No target in view!
No target in view!
No target in view!
No target in view!
No target in view!
No target in view!
No target in view!
You start resting.
You feel a strong urge to attack something.
You start resting.
You are no longer berserk.
You are exhausted.
You feel yourself slow down.
You start resting.
HP restored.
You start waiting.
You feel yourself speed up.
You start waiting.
You recover from your berserk rage.
t - 2 scrolls labelled POTIRGHO SUSMEH (gained 1)
Found a stone staircase leading down.
Are you sure you want to abandon this character and quit the game? (Confirm with "yes".)

###...############
#.<.>##.....#
##.....#...#
##..........#
#.........###..
#....##........#
#......†..[....#
###....(..##....
#.@...### ....
#.......... #.#
....#.#......# ##
....#!..........
#.. ##..........
#. ..........# .
...$......##
..>/......#


There were no monsters in sight!

Vanquished Creatures
  Sigmund (D:4)
  A wyvern (D:7)
  A sky beast (D:6)
  A necrophage (D:7)
  4 wights
  A bullfrog zombie (D:6)
  A hound (D:6)
  An orc priest (D:5)
  3 jellies
  Crazy Yiuf (D:4)
  3 iguanas
  Terence (D:2)
  Ijyb (D:3)
  4 orc wizards
  A hound skeleton (D:4)
  Robin (D:2)
  A howler monkey zombie (D:5)
  4 gnolls (D:5)
  6 adders
  An ufetubus (D:5)
  2 dart slugs
  23 orcs
  2 endoplasms
  2 giant cockroaches
  15 goblins
  8 hobgoblins
  4 jackals (D:1)
  2 quokkas (D:4)
  7 ball pythons
  8 bats
  2 frilled lizards (D:3)
  6 kobolds
  4 rats
123 creatures vanquished.

Notes
Turn   | Place    | Note
-------+----------+-------------------------------------------
     0 | D:1      | Kinoniko the Draconian Berserker began the quest for the
                  | Orb.
     0 | D:1      | Reached XP level 1. HP: 19/19 MP: 1/1
   203 | D:1      | Found a faded altar of an unknown god.
   428 | D:1      | Reached skill level 1 in Maces & Flails
   600 | D:1      | Reached XP level 2. HP: 26/26 MP: 2/2
   708 | D:2      | Reached skill level 2 in Maces & Flails
   725 | D:2      | Noticed Robin
   737 | D:2      | Reached ** piety under Trog
   742 | D:2      | Reached XP level 3. HP: 31/31 MP: 3/3
   742 | D:2      | Killed Robin
   743 | D:2      | Reached skill level 3 in Maces & Flails
  1344 | D:2      | Noticed Terence
  1350 | D:2      | Killed Terence
  1351 | D:2      | Reached XP level 4. HP: 38/38 MP: 4/4
  1534 | D:3      | Reached skill level 4 in Maces & Flails
  1541 | D:3      | Reached XP level 5. HP: 45/45 MP: 5/5
  1589 | D:3      | Noticed Ijyb
  1598 | D:3      | Killed Ijyb
  1599 | D:3      | Reached skill level 5 in Maces & Flails
  1928 | D:3      | Reached *** piety under Trog
  1970 | D:3      | Found a radiant altar of Vehumet.
  2299 | D:4      | Noticed Sigmund
  2307 | D:4      | Killed Sigmund
  2308 | D:4      | Reached skill level 6 in Maces & Flails
  2308 | D:4      | Reached XP level 6. HP: 51/51 MP: 6/6
  2574 | D:4      | Reached skill level 7 in Maces & Flails
  2959 | D:4      | Found a runed translucent door.
  2960 | D:4      | Noticed Crazy Yiuf
  3045 | D:4      | Your scales start taking on a fiery red colour.
  3045 | D:4      | Reached XP level 7. HP: 53/57 MP: 7/7
  3045 | D:4      | Gained mutation: Your flesh is heat resistant. (rF+) [Red
                  | Draconian growth]
  3081 | D:4      | Killed Crazy Yiuf
  3274 | D:5      | Entered Level 5 of the Dungeon
  3571 | D:5      | Reached skill level 8 in Maces & Flails
  3805 | D:5      | Reached **** piety under Trog
  4434 | D:6      | Identified a scroll of acquirement
  4434 | D:6      | Acquired a manual of Fighting
  4629 | D:6      | Reached skill level 1 in Shields
  4635 | D:6      | Found a runed translucent door.
  4643 | D:6      | Noticed Froggeryz's ghost (novice DrGl)
  4708 | D:6      | Found a staircase to the Ecumenical Temple.
  4883 | D:6      | Reached XP level 8. HP: 67/67 MP: 8/8
  5202 | D:7      | Found an ornate altar of the Wu Jian Council.
  5214 | D:7      | Reached skill level 5 in Fighting
  5214 | D:7      | Reached skill level 9 in Maces & Flails
  5257 | D:7      | Quit the game

Illustrated notes

Levels and vault maps discovered:
D:1:      matt_arrival_diagonals, layout_basic, chequers_ecumenical_altar_grove
D:2:      layout_rooms, serial_corexii_hall, corexii_hall_statues_x,
          corexii_hall_statues_deadend, kennysheep_path_1, uniq_robin,
          uniq_terence
D:3:      layout_rooms, vehumet_crystals, st_stairs_8,
          wander_ebering_terrifying_dragon_lair, uniq_ijyb
D:4:      minmay_spotlight, layout_basic, glass_columns_c,
          uniq_crazy_yiuf_cottage, uniq_sigmund
D:5:      layout_basic, roderic_roman_lattice, minivault_5
D:6:      layout_basic, temple_doors_e, ebering_ghost_sewer_d
D:7:      layout_cave_pools, nicolae_overflow_hidden_temple

Skill      XL: |  1  2  3  4  5  6  7  8 |
---------------+-------------------------+-----
Maces & Flails | 1 2 3 4 6 7 8 9 |  9.1
Shields        | 2 |  2.7
Fighting       | 4 5 |  5.7
Axes           | |  3.0
Dodging        | |  2.6

Action                   |  1- 3 |  4- 6 |  7- 9 || total
-------------------------+-------+-------+-------++-------
Melee: Flail             |    95 |   131 |   128 ||   354
       Tailslap          |     9 |    19 |    14 ||    42
Invok: Berserk           |     2 |     5 |     5 ||    12
 Abil: Breathe Fire      |       |       |     2 ||     2
  Use: Scroll            |       |       |     7 ||     7
 Stab: Sleeping          |       |     1 |       ||     1
Armor: Skin              |    55 |    68 |    58 ||   181
Dodge: Dodged            |    72 |   110 |    50 ||   232
Block: Buckler           |       |       |     8 ||     8

Table legend: (Time is in decaauts)
 A = Elapsed time spent in this place.
 B = Non-inter-level travel time spent in this place.
 C = Inter-level travel time spent in this place.
 D = Time resting spent in this place.
 E = Time spent auto-exploring this place.
 F = Levels seen in this place.
 G = Mean time per level.
                   A        B        C        D        E       F      G
               +--------+--------+--------+--------+--------+-----+--------+
         Total |   5388 |   5253 |    135 |    678 |   3863 |   7 |  769.7 |
       Dungeon |   5388 |   5253 |    135 |    678 |   3863 |   7 |  769.7 |
               +--------+--------+--------+--------+--------+-----+--------+

Top non-repeatable levels by time:
     D:4: 1007 daAuts
     D:5: 999 daAuts
     D:6: 922 daAuts
     D:2: 857 daAuts
     D:3: 798 daAuts
     D:1: 707 daAuts
     D:7: 95 daAuts
